 Dungeon Crawl Stone Soup version 0.24-a0-479-g9a978d2894 (webtiles) character file.

Game seed: 11227007825596339683

1012 Azzok the Magician (level 8, 0/41 HPs)
             Began as a Deep Elf Earth Elementalist on July 6, 2019.
             Shot with a sling bullet by Joseph (24 damage)
             ... on level 7 of the Dungeon.
             The game lasted 00:07:42 (6499 turns).

Azzok the Magician (Deep Elf Earth Elementalist)    Turns: 6499, Time: 00:07:43

Health: 0/41       AC:  3    Str:  5    XL:     8   Next: 1%
Magic:  11/21      EV: 12    Int: 23    God:
Gold:   332        SH:  4    Dex: 15    Spells: 12/21 levels left

rFire    + + .     SeeInvis .   s - +1 mace (holy)
rCold    + . .     Gourm    .   t - +0 buckler
rNeg     . . .     Faith    .   c - +0 robe
rPois    .         Spirit   .   (no helmet)
rElec    .         Reflect  .   B - scarf {rC+ rF+}
rCorr    .         Harm     .   (no gloves)
MR       .....                  w - +0 pair of boots
Stlth    ++........             C - amulet of the acrobat
HPRegen  0.13/turn              E - ring of protection from fire
MPRegen  0.17/turn              p - ring of wizardry

@: no status effects
A: no striking features
a: no special abilities


You were on level 7 of the Dungeon.
You were very hungry.

You visited 1 branch of the dungeon, and saw 7 of its levels.

You collected 332 gold pieces.

Inventory:

Hand Weapons
 s - a +1 mace of holy wrath (weapon)
Missiles
 b - 288 stones (quivered)
Armour
 c - a +0 robe (worn)
 t - a +0 buckler (worn)
 w - a +0 pair of boots (worn)
 B - a scarf of resistance (worn)
Jewellery
 m - an uncursed ring of ice
 p - a ring of wizardry (right hand)
 C - an amulet of the acrobat (around neck)
 E - a ring of protection from fire (left hand)
Wands
 o - a wand of flame (22)
 z - a wand of acid (6)
Scrolls
 e - a scroll of enchant weapon {unknown}
 f - 3 scrolls of remove curse
 g - 2 scrolls of amnesia
 h - a scroll of fog {unknown}
 i - 5 scrolls of immolation {unknown}
 r - 4 scrolls of teleportation {unknown}
 u - 4 scrolls of random uselessness {unknown}
 v - 3 scrolls of fear {unknown}
 y - a scroll of noise {unknown}
Potions
 a - a potion of cancellation {unknown}
 j - 3 potions of magic {unknown}
 k - 5 potions of degeneration {unknown}
 l - 3 potions of curing {unknown}
 n - a potion of mutation {!q}
 q - a potion of agility
 x - a potion of brilliance {unknown}
 A - a potion of heal wounds
Comestibles
 d - 14 rations


   Skills:
 - Level 2.4 Dodging
 - Level 2.4 Stealth
 + Level 2.5 Shields
 + Level 7.3 Spellcasting
 + Level 4.7 Conjurations
   Level 1.1 Transmutations
 + Level 6.5 Earth Magic


You had 12 spell levels left.
You knew the following spells:

 Your Spells              Type           Power        Failure   Level  Hunger
a - Sandblast             Erth           #####.       1%          1    None
b - Stone Arrow           Conj/Erth      ####..       1%          3    None
d - Lee's Rapid Deconstr  Erth           #####.....   7%          5    #####..

Your spell library contained the following spells:

 Spells                   Type           Power        Failure   Level  Hunger
 Passwall                 Tmut/Erth      ####....     1%          2    None
 Corona                   Hex            #......      3%          1    None
 Slow                     Hex            #.......     5%          2    None
 Petrify                  Tmut/Erth      ####....     8%          4    ###....
 Leda's Liquefaction      Hex/Erth       ###.......   9%          4    ###....
 Inner Flame              Hex/Fire       #.......     11%         3    None
 Portal Projectile        Hex/Tloc       #.....       11%         3    None
 Cause Fear               Hex            #.........   32%         4    ###....


Dungeon Overview and Level Annotations

Branches:
Dungeon (7/15)
 Temple: D:4-7

Altars:
Dithmenos
Nemelex Xobeh

Annotations:
D:7 Joseph


Message History

Confirm with . or Enter, or press ? or * to list all spells.
Aiming: Lee's Rapid Deconstruction (safe; 7% risk of failure)
Press: ? - help, Dir - move target cursor A rock wall.
The wall shatters!
The blast of rock fragments hits Joseph!
Joseph is severely wounded.
Joseph shoots a sling bullet.
The sling bullet hits you!
Casting: Lee's Rapid Deconstruction (safe; 7% risk of failure)
Confirm with . or Enter, or press ? or * to list all spells.
Aiming: Lee's Rapid Deconstruction (safe; 7% risk of failure)
Press: ? - help, Dir - move target cursor A rock wall.
The wall shatters!
The blast of rock fragments hits Joseph.
Joseph is severely wounded.
You are feeling very hungry.
Joseph shoots a sling bullet.
The sling bullet hits you!!
Ouch! That really hurt!
You die...

··· ···▒ ▒Z▒ ▒▒@·▒
▒·· ···· ▒)▒ ▒··▒ ▒
▒·▒▒▒▒▒·▒ ▒·†▒
··▒······▒▒▒▒··▒
▒·▒▒▒▒▒····▒··▒▒▒▒▒·
▒··········▒(·(···?··
▒····@·····@··▒▒▒▒▒·▒
▒··▒▒▒▒·▒·▒▒)>▒▒▒▒▒·▒
▒· ▒····)········▒
▒▒▒▒▒▒▒·▒▒▒▒▒▒ ▒·▒
▒·▒ ··▒ ▒▒·▒ ▒·▒


You could see Joseph.

Vanquished Creatures
  2 ogres
  A phantom (D:5)
  A scorpion (D:6)
  2 howler monkeys (D:7)
  A centaur zombie (D:6)
  A jelly (D:7)
  A bullfrog skeleton (D:2)
  2 hounds (D:6)
  A bullfrog zombie (D:4)
  An orc priest (D:7)
  2 orc wizards
  An iguana (D:5)
  Ijyb (D:5)
  4 worker ants
  A worker ant zombie (D:5)
  3 gnolls (D:5)
  7 adders
  A shadow imp (D:6)
  2 oozes
  An adder skeleton (D:7)
  2 worms (D:4)
  4 leopard geckos
  7 orcs
  5 bats
  4 giant cockroaches
  7 goblins
  6 hobgoblins
  10 jackals
  5 kobolds
  5 quokkas
  9 frilled lizards
  A leopard gecko skeleton (D:4)
  A quokka skeleton (D:4)
  8 rats
110 creatures vanquished.

Notes
Turn   | Place    | Note
-------+----------+-------------------------------------------
     0 | D:1      | Azzok the Deep Elf Earth Elementalist began the quest for
                  | the Orb.
     0 | D:1      | Reached XP level 1. HP: 10/10 MP: 6/6
   293 | D:1      | Reached XP level 2. HP: 15/15 MP: 4/8
   956 | D:2      | Reached skill level 4 in Spellcasting
  1004 | D:2      | Reached XP level 3. HP: 19/19 MP: 7/10
  1311 | D:2      | Learned a level 3 spell: Stone Arrow
  1386 | D:2      | Reached skill level 1 in Conjurations
  1386 | D:2      | Reached XP level 4. HP: 24/24 MP: 6/12
  2529 | D:3      | Found a shadowy altar of Dithmenos.
  2592 | D:3      | Reached skill level 5 in Spellcasting
  2926 | D:4      | Reached XP level 5. HP: 20/28 MP: 1/14
  2933 | D:4      | Learned a level 5 spell: Lee's Rapid Deconstruction
  3064 | D:4      | Noticed an ogre
  3068 | D:4      | Killed an ogre
  3068 | D:4      | Reached skill level 5 in Earth Magic
  3223 | D:4      | Reached XP level 6. HP: 32/32 MP: 12/16
  4080 | D:5      | Entered Level 5 of the Dungeon
  4156 | D:5      | Noticed Ijyb
  4167 | D:5      | Reached skill level 6 in Spellcasting
  4308 | D:5      | Killed Ijyb
  4308 | D:5      | Reached skill level 1 in Shields
  4486 | D:5      | Found a sparkling altar of Nemelex Xobeh.
  4748 | D:5      | Reached XP level 7. HP: 29/36 MP: 12/18
  5824 | D:7      | Noticed Joseph
  5963 | D:7      | Reached skill level 7 in Spellcasting
  6168 | D:7      | Reached XP level 8. HP: 41/41 MP: 14/21
  6499 | D:7      | Shot with a sling bullet by Joseph

Levels and vault maps discovered:
D:1:      dpeg_arrival_radiant, layout_loops_ring
D:2:      layout_rooms, serial_forest, infiniplex_forest_pool,
          infiniplex_forest_clump_tiny, infiniplex_forest_end_1,
          infiniplex_forest_clump_large, infiniplex_forest_clump_double,
          infiniplex_forest_end_2, infiniplex_forest_straight_3,
          infiniplex_forest_lined_corner
D:3:      layout_rooms, nicolae_dithmenos_through_a_glass_darkly
D:4:      layout_basic, first_ration
D:5:      layout_basic, nemelex_spade_bored_becter, uniq_ijyb
D:6:      layout_cave_pools
D:7:      layout_loops_ring, minmay_temple_entry_slanted,
          kennysheep_generic_room_11, uniq_joseph

Skill      XL: |  1  2  3  4  5  6  7 |
---------------+----------------------+-----
Spellcasting   | 4 5 6 7 |  7.3
Earth Magic    | 4 5 6 |  6.5
Conjurations   | 1 2 3 4 |  4.7
Shields        | 1 2 |  2.5
Dodging        | |  2.4
Stealth        | |  2.4
Transmutations | |  1.1

Action                   |  1- 3 |  4- 6 |  7- 9 || total
-------------------------+-------+-------+-------++-------
Melee: Mace              |       |    11 |       ||    11
 Cast: Sandblast         |    47 |    18 |    15 ||    80
       Stone Arrow       |       |    66 |    24 ||    90
       Lee's Rapid Decon |       |       |    11 ||    11
  Use: Scroll            |       |     5 |     2 ||     7
  Eat: Chunk             |     1 |    13 |     3 ||    17
       Ration            |       |       |     1 ||     1
Armor: Robe              |     2 |     2 |       ||     4
Dodge: Dodged            |    13 |    32 |     9 ||    54
Block: Buckler           |       |       |     1 ||     1

Table legend:
 A = Non-vault XP
 B = Vault XP
 C = Vault XP percentage of total XP
 D = Non-vault monster count
 E = Vault monster count
 F = Vault count percentage of total count
                 A         B        C        D         E       F
            +---------+---------+-------+---------+---------+-------
      Total |    1410 |      36 |   2.5 |     109 |       1 |   0.9
            +---------+---------+-------+---------+---------+-------
        D:1 |      30 |       0 |   0.0 |      20 |       0 |   0.0
        D:2 |     101 |       0 |   0.0 |      20 |       0 |   0.0
        D:3 |      53 |       0 |   0.0 |      18 |       0 |   0.0
        D:4 |     295 |       0 |   0.0 |      20 |       0 |   0.0
        D:5 |     218 |      36 |  14.2 |       7 |       1 |  12.5
        D:6 |     415 |       0 |   0.0 |      12 |       0 |   0.0
        D:7 |     298 |       0 |   0.0 |      12 |       0 |   0.0
            +---------+---------+-------+---------+---------+-------
